cohdb
Replays
Latest Replays
All Replays
Popular Replays
Top Player Replays
Match Explorer
How It Works
Community
CoH3 Stats
Reddit
Sign in to upload your games and track your stats! →
Sign in with Steam
Match 42815438
Unlisted
Match 42815438
Overview
Messages
Build Orders
End
Panzerpioneer Squad
Kradschützen Motorcycle Team
Selects Armored Support Battlegroup
Panzergrenadier Squad
Construct Light Support Kompanie
Selects Veteran Gunners
Fire Support Elements
le.IG 18 Support Gun Team
Flakvierling Half-track
Construct Panzerarmee Kommand
Selects Flammpanzer III Medium Tank
Flammpanzer III Medium Tank
Emergency Repair Kits
Fajolada
recon4051
0
0
Comments
sign in to comment!
No comments posted yet!